 Dungeon Crawl Stone Soup version 0.29-a0-418-gc0181ea820 (webtiles) character file.

Game seed: 5047736584211407322

63 freelancePsychic the Skirmisher (level 3, -3/27 (30) HPs)
             Began as a Demonspawn Chaos Knight on May 18, 2022.
             Was a High Priest of Ignis.
             Slain by Grinder (6 damage)
             ... on level 3 of the Dungeon.
             The game lasted 00:03:35 (2374 turns).

freelancePsychic the Skirmisher (DsCK)              Turns: 2374, Time: 00:03:36

HP:   -3/27 (30)    AC:  6    Str: 14    XL:     3   Next: 87%
MP:   3/3           EV: 11    Int: 13    God:    Ignis [*****.]
Gold: 140           SH:  9    Dex: 12    Spells: 2/2 levels left

rFire   + . .      SeeInvis .     - Unarmed
rCold   . . .      Faith    .   (no shield)
rNeg    . . .      Spirit   .   a - +3 leather armour
rPois   .          Reflect  +   (no helmet)
rElec   .          Harm     .   (no cloak)
rCorr   .          Rampage  .   (no gloves)
Will    .....                   (no boots)
Stlth   +.........              k - amulet of reflection
HPRegen 0.09/turn               (no ring)
MPRegen 0.08/turn               (no ring)

@: heavily drained
A: claws 1, condensation shield
a: Renounce Religion, Fiery Armour, Foxfire Swarm, Rising Flame


You were on level 3 of the Dungeon.
You worshipped Ignis.
Ignis was extremely pleased with you.
You visited 1 branch of the dungeon, and saw 3 of its levels.

You collected 140 gold pieces.

Inventory:

Armour
 a - a +3 leather armour (worn)
 h - the +1 robe of the Orcish Mines {*Corrode rPois MP+9 Archmagi}
   (You found it on level 2 of the Dungeon)

   rPois:     It protects you from poison.
   MP:        It affects your magic capacity (+9).
   *Corrode:  It may corrode you when you take damage.
   Archmagi:  It increases the power of your magical spells.
Jewellery
 k - an amulet of reflection (around neck)
Scrolls
 i - a scroll of torment
 m - a scroll of immolation {unknown}
Potions
 c - 2 potions of haste {@q3}
 d - a potion of attraction {unknown}
 e - a potion of curing {unknown}
 f - a potion of heal wounds {unknown}
 g - 2 potions of cancellation {unknown}
 j - a potion of ambrosia {unknown}
Miscellaneous
 b - a piece from Xom's chessboard (15/15) (quivered)


   Skills:
 + Level 3.9 Fighting
 - Level 1.9 Armour
 - Level 1.1 Dodging
 + Level 3.5 Unarmed Combat


You had 2 spell levels left.
You didn't know any spells.
Your spell library contained the following spells:

 Spells                   Type           Power      Damage    Failure   Level
 Portal Projectile        Hex/Tloc       0%         N/A       75%         3
 Blade Hands              Tmut           0%         N/A       100%        5
 Excruciating Wounds      Necr           0%         N/A       100%        5


Dungeon Overview and Level Annotations

Branches:
Dungeon (3/15)

Altars:
Ignis

Annotations:
D:3 Grinder


Innate Abilities, Weirdness & Mutations

You have sharp fingernails.
A meltable shield of frost defends you. (SH +4)


Message History

The foxfire hits Grinder.
Grinder is lightly wounded.
The foxfire hits Grinder but does no damage.
Grinder is lightly wounded.
The foxfire hits Grinder.
Grinder is lightly wounded.
The foxfire hits Grinder.
Grinder is lightly wounded.
The foxfire hits Grinder.
Grinder is moderately wounded.
The foxfire hits Grinder but does no damage.
Grinder is moderately wounded.
The foxfire hits Grinder.
Grinder is moderately wounded.
The foxfire hits Grinder.
Grinder is moderately wounded.
The foxfire hits Grinder but does no damage.
Grinder is moderately wounded.
The foxfire hits Grinder.
Grinder is heavily wounded.
The foxfire hits Grinder.
Grinder is heavily wounded.
The foxfire hits Grinder.
Grinder is heavily wounded.
The foxfire hits Grinder.
Grinder is severely wounded.
The foxfire hits Grinder.
Grinder is almost dead.
The foxfire hits Grinder but does no damage.
Grinder is almost dead.
The foxfire hits Grinder.
Grinder is almost dead.
Grinder says, "DUCK!"
Grinder gestures at you. You resist with significant effort.
The foxfire hits Grinder.
Grinder is almost dead.
Grinder attacks as you move away! Grinder hits you.
* * * LOW HITPOINT WARNING * * *
You writhe in agony.
You die...

... . #...... ....
#####..... .........
.....#..##########
#...<.........##
####.########..#########.
####$##v§§§..#..>........
#......vv§§..............
#####..5@§§.............#
.#§.v.§§†.........####
#...§§§§§..†<#######
........§.........##
..###.................. .
...#........########
####..........#
#..........# #.......$..#


You could see Grinder (ally target).

Vanquished Creatures
  An adder (D:2)
  A worm (D:2)
  2 dart slugs (D:1)
  2 endoplasms (D:1)
  A giant cockroach (D:2)
  5 goblins
  8 hobgoblins
  5 kobolds
  2 quokkas
  3 ball pythons
  6 bats
  2 frilled lizards
  7 rats
45 creatures vanquished.

Vanquished Creatures (others)
  18 foxfires (D:3)
  A plant (D:1)
19 creatures vanquished.

Grand Total: 64 creatures vanquished

Notes
Turn   | Place    | Note
-------+----------+-------------------------------------------
     0 | D:1      | freelancePsychic the Demonspawn Chaos Knight began the
                  | quest for the Orb.
     0 | D:1      | Reached XP level 1. HP: 18/18 MP: 1/1
   102 | D:1      | Found a faded altar of an unknown god.
   114 | D:1      | Prayed at the altar of an unknown god.
   114 | D:1      | Fell from the grace of Xom
   114 | D:1      | Became a worshipper of Ignis, the Dying Flame
   126 | D:1      | Reached skill level 1 in Dodging
   419 | D:1      | Gained mutation: You have sharp fingernails. [demonic
                  | ancestry]
   419 | D:1      | Reached XP level 2. HP: 21/24 MP: 2/2
  1371 | D:2      | Gained mutation: A meltable shield of frost defends you.
                  | (SH +4) [demonic ancestry]
  1371 | D:2      | Reached XP level 3. HP: 29/29 MP: 3/3
  1519 | D:2      | Identified the +1 robe of the Orcish Mines {*Corrode rPois
                  | MP+9 Archmagi}
  1722 | D:2      | XOM: draining
  1962 | D:2      | XOM: noise
  2203 | D:3      | Noticed Grinder
  2367 | D:3      | Paralysed by Grinder for 4 turns
  2374 | D:3      | Slain by Grinder

Illustrated notes

Levels and vault maps discovered:
D:1:      shiori_arrival_maze, layout_loops_corners,
          shapermc_ecumenical_altar_gd
D:2:      layout_basic, guppyfry_early_lair_pool
D:3:      layout_rooms, uniq_robin, uniq_grinder, uniq_terence

Skill      XL: |  1  2 |
---------------+-------+-----
Dodging        | 1 |  1.1
Unarmed Combat | 3 |  3.5
Fighting       | |  3.9
Armour         | |  1.9

Action                   || total
-------------------------++-------
Melee: Unarmed           ||   145
       Punch             ||     3
Invok: Foxfire Swarm     ||     1
  Use: Scroll            ||     6
 Stab: Sleeping          ||     1
Armor: Leather armour    ||    44
Dodge: Dodged            ||    67
Block: Other             ||    14

Table legend: (Time is in decaauts)
 A = Elapsed time spent in this place.
 B = Non-inter-level travel time spent in this place.
 C = Inter-level travel time spent in this place.
 D = Time resting spent in this place.
 E = Time spent auto-exploring this place.
 F = Levels seen in this place.
 G = Mean time per level.
                   A        B        C        D        E       F      G
               +--------+--------+--------+--------+--------+-----+--------+
         Total |   2367 |   2293 |     74 |    113 |   1813 |   3 |  789.0 |
       Dungeon |   2367 |   2293 |     74 |    113 |   1813 |   3 |  789.0 |
               +--------+--------+--------+--------+--------+-----+--------+

Top non-repeatable levels by time:
     D:1: 1364 daAuts
     D:2: 874 daAuts
     D:3: 128 daAuts
